 Dungeon Crawl Stone Soup version 0.18.1-48-g4cf74bf (webtiles) character file.

14 Krapald the Magician (level 2, -3/17 HPs)
             Began as a High Elf Wizard on July 9, 2016.
             Slain by a worm (4 damage)
             ... on level 1 of the Dungeon on July 10, 2016.
             The game lasted 00:05:49 (620 turns).

Krapald the Magician (High Elf Wizard)               Turns: 620, Time: 00:05:50

Health: -3/17      AC:  2    Str:  6    XL:     2   Next: 27%
Magic:  0/8        EV: 12    Int: 21    God:
Gold:   54         SH:  0    Dex: 13    Spells: 1 memorised, 8 levels left

rFire  . . .     SeeInvis .     g - +0 hand axe
rCold  . . .     Gourm    .     a - +0 robe
rNeg   . . .     Faith    .     (no shield)
rPois  .         Spirit   .     b - +0 hat
rElec  .         Dismiss  .     (no cloak)
rCorr  .         Reflect  .     (no gloves)
SustAt .         Harm     .     (no boots)
MR     .....                    (no amulet)
Stlth  ++........               (no ring)
                                (no ring)

@: very slightly contaminated, not resistant to hostile enchantments, unstealthy
A: no striking features
a: no special abilities


You were on level 1 of the Dungeon.
You were not hungry.

You visited 1 branch of the dungeon, and saw 2 of its levels.

You collected 54 gold pieces.

Inventory:

Hand Weapons
 g - a +0 hand axe (weapon)
 r - a +0 dagger
Missiles
 q - 17 bolts
Armour
 a - a +0 robe (worn)
 b - a +0 hat (worn)
Jewellery
 i - an uncursed ring of flight {unknown}
 k - a cursed ring of loudness {unknown}
Scrolls
 f - a scroll of identify {unknown}
 j - a scroll of fog {unknown}
 l - a scroll of remove curse {unknown}
 n - a scroll of enchant armour {unknown}
 o - a scroll of teleportation {unknown}
Potions
 e - a potion of flight {unknown}
 h - 2 potions of curing {unknown}
 p - a potion of lignification {unknown}
Books
 c - a book of Minor Magic

   Spells                             Type                      Level
   a - Magic Dart                     Conjuration                  1
   b - Blink                          Translocation                2
   c - Call Imp                       Summoning                    2
   d - Repel Missiles                 Charms/Air                   2
   e - Slow                           Hexes                        2
   f - Conjure Flame                  Conjuration/Fire             3
   g - Mephitic Cloud                 Conjuration/Poison/Air       3
Comestibles
 d - 2 bread rations
 m - a meat ration


   Skills:
 + Level 2.3 Dodging
 + Level 2.1 Stealth
 + Level 4.2 Spellcasting
 + Level 1.2 Conjurations
   Level 0.8 Summonings
   Level 1.1 Translocations


You had 8 spell levels left.
You knew the following spells:

 Your Spells              Type           Power        Failure   Level  Hunger
a - Magic Dart            Conj           #...         10%         1    None


Dungeon Overview and Level Annotations

Branches:
Dungeon (2/15)

Altars:


Message History

Confirm with . or Enter, or press ? or * to list all spells.
Aiming: Magic Dart
Press: ? - help, Shift-Dir - straight line, f/p - worm
Aim: a worm (severely wounded)
The magic dart hits the worm.
The worm is severely wounded.
You barely miss the worm.
The worm is severely wounded.
The worm bites you.
You hit the worm.
The worm is almost dead.
The worm bites you.
* * * LOW HITPOINT WARNING * * *
You hit the worm.
The worm is almost dead.
The worm barely misses you.
You barely miss the worm.
The worm is almost dead.
The worm bites you.
You die...

#†#.#..........#
#.#..#.####'###########
#.##.#........#.......#
#.##....##.##.#.#####.#
###.###...#...#.#...###.#
####...###.......#.###.#...#
#.......###.##...#.###.#.###
#.......# #w######.#...#.#
#.......# #@.......#####.#
#.......###..####### #...#
#.......##...##### #.###
#######.##..#....# #.#
#.##..#.##.# #.#
#.......##.# #.#
#######....# #.#
#.(.#.########.#
#.#............#


You could see a worm.

Vanquished Creatures
  A dart slug (D:1)
  2 giant cockroaches (D:1)
  A goblin (D:1)
  2 jackals (D:1)
  2 bats (D:1)
  A kobold (D:1)
  2 rats (D:1)
11 creatures vanquished.

Notes
Turn   | Place    | Note
--------------------------------------------------------------
     0 | D:1      | Krapald the High Elf Wizard began the quest for the Orb.
     0 | D:1      | Reached XP level 1. HP: 11/11 MP: 6/6
   297 | D:1      | Reached skill level 4 in Spellcasting
   344 | D:1      | Reached XP level 2. HP: 17/17 MP: 6/8
   620 | D:1      | Slain by a worm

Skill      XL: |  1 |
---------------+----+-----
Spellcasting   | 4 |  4.2
Dodging        | |  2.3
Stealth        | |  2.1
Conjurations   | |  1.2
Summonings     | |  0.8
Translocations | |  1.1

Action                   || total
-------------------------++-------
Melee: Hand axe          ||    14
       Unarmed           ||     4
 Cast: Magic Dart        ||    30
Armor: Robe              ||     6
Dodge: Dodged            ||    21
